 Dungeon Crawl Stone Soup version 0.31-a0-1-g4198be8af4 (webtiles) character file.

Game seed: 18370304829920085081

138260 mandoloar the Severer (level 17, 0/163 HPs)
             Began as a Hill Orc Fighter on May 1, 2023.
             Was the Champion of the Shining One.
             Slain by a seven-headed hydra (2 damage)
             ... on level 4 of the Swamp.
             The game lasted 01:27:24 (40219 turns).

mandoloar the Severer (Hill Orc Fighter)           Turns: 40219, Time: 01:27:25

Health: 0/163      AC: 28    Str: 33    XL:     17   Next: 25%
Magic:  26/26      EV: 10    Int: 10    God:    the Shining One [******]
Gold:   1699       SH: 16    Dex: 12    Spells: 21/23 levels left

rFire   + . .        a - +0 broad axe (heavy)
rCold   + . .        k - +0 tower shield
rNeg    + + +        r - +4 chain mail {rF+}
rPois   +            I - +2 helmet
rElec   .            w - +0 cloak
rCorr   .            M - +1 pair of gloves
SInv    +            O - +3 pair of mountain boots {steadfast, rC+}
Will    +++..        A - amulet "Fotz" {Acrobat SInv} Stlth
                     t - ring "Zaoros" {Will+ Str+6 SInv}
HPRegen 0.47/turn    V - ring of Qoamy {rPois Will+ Int+2 Dex+2}
MPRegen 0.20/turn

%: acrobat
@: glowing
A: no striking features
a: Renounce Religion, Divine Shield, Cleansing Flame, Summon Divine Warrior,
Brand Weapon With Holy Wrath


You were on level 4 of the Swamp.
You worshipped the Shining One.
The Shining One was exalted by your worship.
You visited 5 branches of the dungeon, and saw 27 of its levels.
You also visited: Ossuary.

You collected 2880 gold pieces.
You spent 1181 gold pieces at shops.

Inventory:

Hand Weapons
 a - a +0 heavy broad axe (weapon)
 b - a +4 broad axe of flaming
Missiles
 j - 20 boomerangs (quivered)
 l - 11 silver javelins
 R - 5 silver boomerangs
Armour
 k - a +0 tower shield (worn)
 r - a +4 chain mail of fire resistance (worn)
 w - a +0 cloak (worn)
 I - a +2 helmet (worn)
 M - a +1 pair of gloves (worn)
 O - the +3 pair of mountain boots (worn) {steadfast, rC+}
   (You acquired it on level 3 of the Lair of Beasts)

   Steadfast: It prevents involuntary movement, except for blinking,
   teleportation, or banishment.
   rC:        It protects you from cold.
Jewellery
 h - a ring of protection from cold
 t - the ring "Zaoros" (left hand) {Will+ Str+6 SInv}
   (You bought it in a shop on level 2 of the Orcish Mines)

   [ring of strength]

   Str:       It affects your strength (+6).
   SInv:      It lets you see invisible.
   Will:      It increases your willpower.
 A - the amulet "Fotz" (around neck) {Acrobat SInv}
   (You took it off a skeletal warrior on level 13 of the Dungeon)

   [amulet of the acrobat]

   It increases your evasion while moving and waiting.
   SInv:      It lets you see invisible.
 T - a ring of protection from fire
 U - a ring of flight
 V - the ring of Qoamy (right hand) {rPois Will+ Int+2 Dex+2}
   (You took it off a centaur warrior on level 13 of the Dungeon)

   [ring of willpower]

   Int:       It affects your intelligence (+2).
   Dex:       It affects your dexterity (+2).
   rPois:     It protects you from poison.
   Will:      It increases your willpower.
Wands
 c - a wand of digging (7)
 n - a wand of iceblast (17)
 G - a wand of flame (41)
 K - a wand of polymorph (18)
 N - a wand of mindburst (47)
 P - a wand of quicksilver (13)
 Q - a wand of paralysis (19)
Scrolls
 i - 8 scrolls of identify
 q - 2 scrolls of vulnerability
 x - 7 scrolls of teleportation
 y - 4 scrolls of fog
 z - 3 scrolls of fear
 E - 3 scrolls of enchant armour
 H - a scroll of summoning
 W - 2 scrolls of magic mapping
 X - 2 scrolls of poison
 Y - 2 scrolls of blinking
Potions
 d - 7 potions of might
 e - a potion of invisibility
 f - 3 potions of attraction
 g - 8 potions of lignification
 m - 13 potions of ambrosia
 o - 11 potions of curing
 p - 5 potions of berserk rage
 s - 3 potions of heal wounds
 u - 8 potions of flight
 v - a potion of haste
 B - 3 potions of mutation
 C - 5 potions of brilliance
 D - a potion of cancellation
 J - a potion of resistance
 L - 4 potions of magic
Miscellaneous
 Z - a phial of floods


   Skills:
 + Level 17.8 Fighting
 + Level 19.1 Axes
 + Level 9.3 Throwing
 + Level 11.7 Armour
 + Level 6.0 Dodging
 + Level 12.0 Shields
 + Level 3.8 Spellcasting
 + Level 3.8 Transmutations
 + Level 12.8 Invocations
 - Level 3.0 Evocations


You had 21 spell levels left.
You knew the following spells:

 Your Spells              Type           Power      Damage    Failure   Level
a - Wereblood             Tmut           9%         N/A       47%         2

Your spell library contained the following spells:

 Spells                   Type           Power      Damage    Failure   Level
 Apportation              Tloc           2%         N/A       86%         1
 Kiss of Death            Conj/Necr      4%         2d5       86%         1
 Summon Small Mammal      Summ           4%         N/A       86%         1
 Blink                    Tloc           2%         N/A       95%         2
 Lesser Beckoning         Tloc           2%         N/A       95%         2
 Momentum Strike          Conj/Tloc      2%         3d8       95%         2
 Poisonous Vapours        Pois/Air       2%         N/A       95%         2
 Static Discharge         Conj/Air       2%         2-3/arc   95%         2
 Sublimation of Blood     Necr           1%         N/A       95%         2
 Ignite Poison            Fire/Tmut/Pois 4%         N/A       97%         3
 Call Canine Familiar     Summ           1%         N/A       99%         3
 Confusing Touch          Hex            1%         N/A       99%         3
 Dazzling Flash           Conj/Hex       2%         N/A       99%         3
 Frozen Ramparts          Ice            2%         1d1       99%         3
 Gell's Gravitas          Tloc           1%         N/A       99%         3
 Mephitic Cloud           Conj/Pois/Air  1%         N/A       99%         3
 Portal Projectile        Hex/Tloc       2%         N/A       99%         3
 Summon Guardian Golem    Hex/Summ       1%         N/A       99%         3
 Teleport Other           Tloc           1%         N/A       99%         3
 Tukima's Dance           Hex            1%         N/A       99%         3
 Volatile Blastmotes      Fire/Tloc      2%         2d10      99%         3
 Airstrike                Air            0%         2d(1-17)  100%        4
 Animate Armour           Summ/Erth      2%         N/A       100%        4
 Dispel Undead            Necr           1%         3d6       100%        4
 Fulminant Prism          Conj/Hex       0%         3d5       100%        4
 Ice Form                 Ice/Tmut       5%         N/A       100%        4
 Iskenderun's Mystic Bla  Conj/Tloc      1%         2d3       100%        4
 Petrify                  Tmut/Erth      5%         N/A       100%        4
 Sticky Flame             Conj/Fire      1%         2d3       100%        4
 Summon Ice Beast         Ice/Summ       1%         N/A       100%        4
 Summon Lightning Spire   Summ/Air       1%         N/A       100%        4
 Agony                    Necr           1%         N/A       100%        5
 Alistair's Intoxication  Tmut/Pois      3%         N/A       100%        5
 Blade Hands              Tmut           4%         N/A       100%        5
 Freezing Cloud           Conj/Ice/Air   0%         6-21      100%        5
 Irradiate                Conj/Tmut      2%         3d12      100%        5
 Lee's Rapid Deconstruct  Erth           0%         3d4*      100%        5
 Silence                  Hex/Air        0%         N/A       100%        5
 Summon Mana Viper        Hex/Summ       1%         N/A       100%        5
 Iron Shot                Conj/Erth      0%         9d1       100%        6
 Dragon Form              Tmut           4%         N/A       100%        7
 Summon Hydra             Summ           0%         N/A       100%        7
 Ignition                 Fire           0%         3d3       100%        8


Dungeon Overview and Level Annotations

Branches:
Dungeon (15/15)            Temple (1/1) D:4            Lair (5/5) D:10
  Swamp (4/4) Lair:2       Spider (0/4) Lair:3        Slime (0/5) Lair:4
    Orc (2/2) D:12            Elf (0/3) Orc:2        Vaults (0/5) D:13
 Depths (0/4) D:15        Ossuary (visited)

Altars:
Ashenzari
Cheibriados
Dithmenos
Elyvilon
Fedhas
Gozag
Hepliaklqana
Kikubaaqudgha
Makhleb
Nemelex Xobeh
Okawaru
Qazlal
Ru
Sif Muna
Trog
Uskayaw
Vehumet
Wu Jian
Xom
Yredelemnul
Zin
The Shining One
Beogh

Shops:
D:11 (   D:14 *?==   Orc:2 [(=!*

Portals:
Trove: D:14 (give +3 shadow dragon scales)


Message History

The ten-headed hydra bites you! The ten-headed hydra bites you. x2
The ten-headed hydra bites you but does no damage.
The ten-headed hydra bites you!
You block the ten-headed hydra's attack.
The ten-headed hydra bites you.
The ten-headed hydra bites you but does no damage.
The eight-headed hydra bites you but does no damage.
The eight-headed hydra closely misses you.
The eight-headed hydra bites you but does no damage.
The eight-headed hydra bites you! x2
The eight-headed hydra barely misses you.
The eight-headed hydra bites you!
* * * LOW HITPOINT WARNING * * *
The eight-headed hydra closely misses you.
The seven-headed hydra completely misses you.
The seven-headed hydra barely misses you.
The seven-headed hydra bites you but does no damage. x2
The seven-headed hydra bites you!
* * * LOW HITPOINT WARNING * * *
The seven-headed hydra barely misses you.
The seven-headed hydra bites you.
* * * LOW HITPOINT WARNING * * *
The spriggan druid gestures at you while chanting.
The stone arrow hits you!
* * * LOW HITPOINT WARNING * * *
The eight-headed hydra bites you!
* * * LOW HITPOINT WARNING * * *
The eight-headed hydra bites you but does no damage.
You block the eight-headed hydra's attack. x2
The eight-headed hydra bites you but does no damage.
You block the eight-headed hydra's attack.
The eight-headed hydra bites you.
* * * LOW HITPOINT WARNING * * *
The eight-headed hydra bites you but does no damage.
The seven-headed hydra bites you!
* * * LOW HITPOINT WARNING * * *
The seven-headed hydra closely misses you. x2
The seven-headed hydra bites you but does no damage.
The seven-headed hydra bites you.
You die...

♣.~♣♣ ♣.~~♣♣ ♣....♣
♣♣...♣ ♣♣...♣♣
♣^~~).♣♣♣♣ ♣ ♣♣
#~#~4.~.~$♣ ~~. ♣♣..
#~#~#.~WD§~♣.~~~.
♣♣.≈≈
≈4#~#~~~uD@..~~~♣ ♣
♣.≈≈≈
≈.#.#~##~ufiD...♣♣♣♣~♣
♣≈≈≈≈ ≈WD#≈#
#~~~.♣.~.~~~..~.♣.≈≈≈
.≈.≈
#~~~.~~~.~~~.~......≈
≈≈ #..~~.~~.~~~
♣....<.≈
#♣♣♣♣.(~.~~~.n.~..y≈≈
~.~.~~~~..~~..≈w
~~~.~~..~~.....≈
~...~~~.~≈


You could see a shambling mangrove, a ten-headed hydra, an eight-headed hydra, a
seven-headed hydra, 2 ugly things, an orange demon, a spriggan druid and a
shadow (invisible).

Vanquished Creatures
  A tentacled monstrosity (Swamp:1)
  Mlioglotl (Swamp:3)
  Kirke (D:13)
  Louise (Swamp:3)
  The ghost of cforsyth the Bludgeoner, a journeyman MeFi of Hepliaklqana (Orc:2)
  An orc warlord (Orc:1)
  A very ugly thing (D:13)
  Nessos (D:13)
  4 eleionomae
  A minotaur (Orc:2)
  Snorg (D:12)
  4 bunyips (Swamp:1)
  A shambling mangrove (Swamp:3)
  An entropy weaver (shapeshifter) (D:14)
  Harold (Orc:1)
  2 catoblepae
  10 hydras
  8 centaur warriors
  2 boulder beetles
  3 alligators
  A naga warrior (Orc:2)
  4 ghost crabs
  5 two-headed ogres
  6 tengu warriors
  6 death yaks (Lair:4)
  2 orc high priests
  5 spriggans
  Urug (D:13)
  Nergalle (Orc:1)
  5 goliath frogs
  A skyshark (Lair:3)
  3 skeletal warriors
  2 spriggan druids
  3 swamp dragons (Swamp:3)
  A flayed ghost (D:14)
  A bog body (Swamp:3)
  A wizard (D:15)
  A necromancer (D:14)
  2 deep elf archers (Orc:2)
  An orc knight (D:12)
  3 deep elf pyromancers
  5 orc sorcerers
  3 ugly things
  A stone giant zombie (D:15)
  4 will-o-the-wisps
  3 elephants
  3 cyclopes
  A manticore (D:13)
  A stone giant skeleton (D:15)
  2 black mambas
  Joseph (D:8)
  2 torpor snails
  20 cane toads
  A gargoyle (D:11)
  3 unseen horrors
  6 rime drakes
  A kobold demonologist (D:11)
  2 efreet (D:13)
  9 komodo dragons
  A yaktaur (D:15)
  Psyche (D:8)
  A tengu conjurer (D:14)
  2 yaktaurs (shapeshifter) (D:13)
  3 meliai (D:15)
  A queen bee (D:9)
  A polar bear (Lair:5)
  A bloated husk (Swamp:1)
  11 tyrant leeches
  Grinder (D:5)
  12 trolls
  18 blink frogs
  7 hornets
  2 ettin zombies (D:15)
  11 dream sheep
  10 slime creatures
  A yak (shapeshifter) (D:13)
  4 wyverns
  3 wraiths
  A vampire (D:9)
  2 hogs (D:13)
  40 yaks
  16 humans (D:13)
  A basilisk (D:11)
  A redback (shapeshifter) (D:14)
  A steam dragon (D:8)
  12 vampire mosquitoes
  11 swamp worms
  A warg (Orc:1)
  15 water moccasins
  2 swamp drakes
  39 orc warriors
  A sky beast (D:8)
  An ice beast (D:7)
  23 wolves
  13 ogres
  10 centaurs
  3 kobold brigands
  Blork the orc (D:4)
  15 bullfrogs
  6 gnoll sergeants
  9 scorpions
  13 wights
  23 killer bees (D:9)
  3 electric eels
  3 howler monkeys
  Crazy Yiuf (D:4)
  26 orc priests
  9 hounds
  5 jellies (Lair:4)
  2 gnoll boudas
  5 iguanas
  Ijyb (D:3)
  2 sleepcaps (D:6)
  Terence (D:3)
  Natasha (thrice) (D:4)
  31 orc wizards
  9 mummies
  Robin (D:3)
  14 adders
  24 gnolls
  3 shadow imps
  4 white imps
  An ufetubus (D:5)
  3 worms
  4 dart slugs
  91 orcs
  7 endoplasms
  5 giant cockroaches
  17 goblins
  13 hobgoblins
  3 jackals (D:5)
  4 quokkas
  4 ball pythons
  6 bats
  2 frilled lizards
  2 gnoll zombies (Ossuary)
  2 hobgoblin zombies (Ossuary)
  10 kobolds
  2 kobold zombies (Ossuary)
  4 orc zombies
  6 rats
  A spectral weapon (D:8)
854 creatures vanquished.

Vanquished Creatures (collateral kills)
  Rupert (D:13)
  A bunyip (Swamp:3)
  A centaur warrior (D:13)
  An alligator (Swamp:2)
  A swamp dragon (Swamp:3)
  3 yaks (Lair:5)
  A sky beast (D:7)
  A gnoll (D:13)
10 creatures vanquished.

Vanquished Creatures (others)
  A centaur warrior (D:13)
  A manticore (D:13)
  3 bloated husks
  2 humans (D:13)
  An orc priest (Orc:2)
  A hound (D:10)
  An orc (Orc:2)
  10 foxfires
  29 fungi
  81 plants
  4 withered plants (D:15)
134 creatures vanquished.

Grand Total: 998 creatures vanquished

Notes
Turn   | Place    | Note
-------+----------+-------------------------------------------
     0 | D:1      | mandoloar the Hill Orc Fighter began the quest for the Orb.
     0 | D:1      | Reached XP level 1. HP: 19/19 MP: 1/1
   181 | D:1      | Reached XP level 2. HP: 27/27 MP: 2/2
   196 | D:1      | Reached skill level 3 in Axes
   780 | D:2      | Reached XP level 3. HP: 9/33 MP: 3/3
  1454 | D:2      | Reached XP level 4. HP: 40/40 MP: 4/4
  1838 | D:3      | Noticed Robin
  1856 | D:3      | Killed Robin
  1857 | D:3      | Reached skill level 4 in Axes
  1880 | D:3      | Reached XP level 5. HP: 47/47 MP: 5/5
  1892 | D:3      | Noticed Ijyb
  1905 | D:3      | Killed Ijyb
  2477 | D:3      | Noticed Terence
  2486 | D:3      | Killed Terence
  2487 | D:3      | Reached skill level 5 in Fighting
  2876 | D:4      | Noticed Blork the orc
  2890 | D:4      | Killed Blork the orc
  2891 | D:4      | Reached skill level 5 in Axes
  2891 | D:4      | Reached XP level 6. HP: 39/56 MP: 6/6
  2998 | D:4      | Noticed Natasha
  3003 | D:4      | Killed Natasha
  3022 | D:4      | Noticed Natasha
  3027 | D:4      | Killed Natasha
  3079 | D:4      | Reached skill level 6 in Axes
  3298 | D:4      | Found a staircase to the Ecumenical Temple.
  3307 | D:4      | Reached XP level 7. HP: 59/63 MP: 7/7
  3309 | Temple   | Entered the Ecumenical Temple
  3317 | Temple   | Became a worshipper of the Shining One
  3460 | D:4      | Found a bloodstained altar of Trog.
  3787 | D:4      | Found a runed translucent door.
  3788 | D:4      | Noticed Crazy Yiuf
  4141 | D:4      | Noticed Natasha
  4150 | D:4      | Killed Natasha
  4382 | D:4      | Killed Crazy Yiuf
  4458 | D:5      | Entered Level 5 of the Dungeon
  4458 | D:5      | Found an iron altar of Okawaru.
  4458 | D:5      | Found a sacrificial altar of Ru.
  4466 | D:5      | Identified a scroll of acquirement
  4466 | D:5      | Acquired a +0 antimagic broad axe
  4495 | D:5      | Found an ancient bone altar of Kikubaaqudgha.
  4496 | D:5      | Found a shadowy altar of Dithmenos.
  4499 | D:5      | Found a radiant altar of Vehumet.
  4500 | D:5      | Found a burning altar of Makhleb.
  4506 | D:5      | Reached skill level 7 in Axes
  4511 | D:5      | Found an opulent altar of Gozag.
  4513 | D:5      | Found a sparkling altar of Nemelex Xobeh.
  4556 | D:5      | Found a sand-covered staircase.
  4562 | Ossuary  | Entered an ossuary
  4575 | Ossuary  | Reached * piety under the Shining One
  4960 | D:5      | Reached ** piety under the Shining One
  4979 | D:5      | Reached XP level 8. HP: 74/74 MP: 2/8
  4986 | D:5      | Reached skill level 8 in Axes
  5318 | D:5      | Noticed Grinder
  5322 | D:5      | Paralysed by Grinder for 4 turns
  5327 | D:5      | Paralysed by Grinder for 3 turns
  5338 | D:5      | Killed Grinder
  5860 | D:5      | Reached skill level 9 in Axes
  6130 | D:6      | Found an ornate altar of the Wu Jian Council.
  6314 | D:6      | Reached skill level 10 in Axes
  6326 | D:6      | Reached XP level 9. HP: 75/84 MP: 9/9
  6431 | D:6      | Found a broken altar of Ashenzari.
  7131 | D:7      | Reached skill level 10 in Fighting
  7410 | D:7      | Noticed a hornet
  7418 | D:7      | Killed a hornet
  7419 | D:7      | Reached skill level 11 in Axes
  8189 | D:8      | Noticed Psyche
  8197 | D:7      | Reached skill level 12 in Axes
  8381 | D:8      | Noticed a red ugly thing
  8720 | D:8      | Killed a red ugly thing
  8721 | D:8      | Reached XP level 10. HP: 59/97 MP: 10/10
  8865 | D:8      | Killed Psyche
  8866 | D:8      | Reached skill level 1 in Invocations
  9105 | D:8      | Noticed Joseph
  9105 | D:8      | Reached *** piety under the Shining One
  9126 | D:8      | Killed Joseph
  9127 | D:8      | Reached skill level 1 in Throwing
  9439 | D:8      | Found a stormy altar of Qazlal.
  9690 | D:8      | You fall into a shaft and drop 3 floors!
  9693 | D:11     | Noticed a kobold demonologist
  9707 | D:11     | Noticed a rust devil
  9711 | D:11     | Killed a kobold demonologist
  9712 | D:11     | Reached skill level 13 in Axes
  9834 | D:10     | Entered Level 10 of the Dungeon
  9838 | D:10     | Reached skill level 5 in Shields
 10021 | D:10     | Reached skill level 5 in Armour
 10103 | D:10     | Noticed a two-headed ogre
 10117 | D:10     | Killed a two-headed ogre
 10170 | D:9      | Reached XP level 11. HP: 94/105 MP: 14/14
 10252 | D:9      | Reached **** piety under the Shining One
 10377 | D:9      | Noticed a two-headed ogre
 10384 | D:9      | Killed a two-headed ogre
 10385 | D:9      | Reached skill level 5 in Invocations
 10745 | D:9      | Found a shimmering altar of Xom.
 10745 | D:9      | Found a glowing silver altar of Zin.
 10745 | D:9      | Noticed an angel
 12044 | D:10     | Paralysed by a centaur for 5 turns
 12054 | D:10     | Reached skill level 14 in Axes
 12133 | D:10     | Reached skill level 15 in Axes
 12133 | D:10     | Reached XP level 12. HP: 96/118 MP: 16/16
 12306 | D:10     | Noticed a centaur warrior
 12312 | D:10     | Killed a centaur warrior
 12495 | D:10     | Found a staircase to the Lair.
 12859 | Lair:1   | Entered Level 1 of the Lair of Beasts
 12894 | Lair:1   | Reached skill level 16 in Axes
 13193 | Lair:1   | Reached skill level 15 in Fighting
 14213 | Lair:2   | Reached XP level 13. HP: 110/126 MP: 18/18
 14708 | Lair:2   | Found a staircase to the Swamp.
 15174 | Lair:2   | Got the Collected Works on Shifting Bewitchment
 15963 | Lair:3   | Reached skill level 5 in Throwing
 16309 | Lair:3   | Acquired the +3 pair of mountain boots {steadfast, rC+}
 16309 | Lair:3   | Found the +3 pair of mountain boots {steadfast, rC+}
 16512 | Lair:3   | Found a hole to the Spider Nest.
 17801 | Lair:4   | Identified the +8 falchion of Wu Jian's Vengeance {heavy,
                  | *Slow rPois rC++ Dex-5}
 18191 | Lair:4   | Found a staircase to the Slime Pits.
 19141 | Lair:5   | Entered Level 5 of the Lair of Beasts
 19202 | Lair:5   | Reached ***** piety under the Shining One
 19217 | Lair:4   | Reached skill level 17 in Axes
 19406 | Lair:4   | Reached skill level 1 in Dodging
 19406 | Lair:4   | Reached XP level 14. HP: 66/136 MP: 11/20
 21188 | Lair:4   | Reached skill level 10 in Invocations
 21397 | Lair:5   | Learned a level 2 spell: Wereblood
 21932 | Lair:5   | Identified the +0 robe "Zumagojagh" {Harm Will+ rCorr}
 22202 | Lair:5   | Identified the +0 robe of the Hidden Vale {rF+ Will+++
                  | Str+5 Dex-3}
 23169 | D:11     | Reached skill level 1 in Spellcasting
 23183 | D:11     | Reached skill level 1 in Transmutations
 23462 | D:11     | Found Xoakev's Weapon Emporium.
 24088 | D:12     | Reached skill level 10 in Shields
 24159 | D:12     | Reached XP level 15. HP: 51/145 MP: 22/22
 24606 | D:12     | Noticed Snorg
 24618 | D:12     | Killed Snorg
 24691 | D:12     | Found a bloodstained altar of Trog.
 24914 | D:12     | Found a staircase to the Orcish Mines.
 25132 | D:13     | Noticed Rupert
 25132 | D:13     | Noticed Nessos
 25132 | D:13     | Noticed Urug
 25132 | D:13     | Found a gate to the Vaults.
 25254 | D:13     | Killed Nessos
 25469 | D:13     | Reached skill level 10 in Armour
 25686 | D:13     | Noticed Kirke
 25703 | D:13     | Killed Kirke
 26003 | D:13     | Reached skill level 18 in Axes
 26388 | D:13     | Identified the amulet "Fotz" {Acrobat SInv}
 26567 | D:13     | Identified the amulet of the Ten Olives {Faith rN+}
 26916 | D:13     | Identified the ring of the Singing Ancients {Will+ rCorr
                  | Dex+2}
 27238 | D:13     | Killed Urug
 27266 | D:13     | Killed Rupert
 27343 | D:13     | Identified the ring of Qoamy {rPois Will+ Int+2 Dex+2}
 28089 | D:14     | Found Veabor's Magic Scroll Emporium.
 28291 | D:14     | Found Ichudyon's Jewellery Boutique.
 28742 | D:14     | Found Siceix's Assorted Antiques.
 29089 | D:14     | Found Xoskekeell's Jewellery Boutique.
 29219 | D:14     | Found a portal to a secret trove of treasure.
 29512 | D:15     | Entered Level 15 of the Dungeon
 29696 | D:15     | Identified the +7 hand axe of the Crypt {holy, rPois MP-9
                  | Int+3}
 30561 | D:14     | Reached XP level 16. HP: 115/155 MP: 24/24
 31102 | D:15     | Found a staircase to the Depths.
 31563 | Orc:1    | Entered Level 1 of the Orcish Mines
 31751 | Orc:2    | Entered Level 2 of the Orcish Mines
 32020 | Orc:1    | Noticed Nergalle
 32022 | Orc:1    | Noticed Harold
 32039 | Orc:1    | Killed Nergalle
 32041 | Orc:1    | Killed Harold
 32061 | Orc:1    | Reached skill level 1 in Evocations
 32072 | Orc:1    | Reached skill level 5 in Dodging
 33209 | Orc:2    | Found a staircase to the Elven Halls.
 33242 | Orc:2    | Paralysed by an orc sorcerer for 5 turns
 33609 | Orc:2    | Found a runed translucent gate.
 33609 | Orc:2    | Found a runed translucent gate.
 33609 | Orc:2    | Found a runed translucent gate.
 33635 | Orc:2    | Found an iron altar of Okawaru.
 33635 | Orc:2    | Noticed cforsyth's ghost (journeyman MeFi)
 33841 | Orc:2    | Found Tadiy's Antique Armour Shop.
 33842 | Orc:2    | Found Keil's Antique Weapon Shop.
 33843 | Orc:2    | Found Boami's Distillery.
 33858 | Orc:2    | Found Idoown's Jewellery Boutique.
 33862 | Orc:2    | Bought a runed broad axe for 189 gold pieces
 33965 | Orc:2    | Bought a potion of heal wounds for 85 gold pieces
 33968 | Orc:2    | Bought the ring "Zaoros" {Will+ Str+6 SInv} for 792 gold
                  | pieces
 34145 | Orc:2    | Found a roughly hewn altar of Beogh.
 34182 | Orc:2    | Found Affoitaw's Assorted Antiques.
 34366 | Orc:2    | Killed cforsyth's ghost
 34366 | Orc:2    | Reached ****** piety under the Shining One
 34704 | Swamp:1  | Entered Level 1 of the Swamp
 36150 | Swamp:2  | Noticed a tentacled monstrosity
 36167 | Swamp:1  | Killed a tentacled monstrosity
 36862 | D:14     | Bought a scroll of enchant armour for 82 gold pieces
 36862 | D:14     | Bought a scroll of teleportation for 33 gold pieces
 38348 | Swamp:3  | Noticed Mlioglotl
 38363 | Swamp:3  | Killed Mlioglotl
 38364 | Swamp:3  | Reached XP level 17. HP: 33/163 MP: 18/26
 38808 | Swamp:3  | Reached skill level 19 in Axes
 39230 | Swamp:3  | Noticed Louise
 39239 | Swamp:3  | Killed Louise
 39497 | Swamp:4  | Entered Level 4 of the Swamp
 40219 | Swamp:4  | HP: 2/163 [seven-headed hydra (10)]
 40219 | Swamp:4  | Slain by a seven-headed hydra

Illustrated notes

Levels and vault maps discovered:
D:1:      minmay_arrival_nine_rooms, layout_rooms, hangedman_glass_teeth
D:2:      layout_basic, minmay_tromino_v4_c
D:3:      layout_basic, uniq_terence, uniq_ijyb, uniq_robin
D:4:      layout_loops_ring, mainiacjoe_overflow_tiny_flanked,
          minmay_temple_entry_arrows, uniq_blork_the_orc, uniq_natasha,
          uniq_crazy_yiuf_cottage
D:5:      layout_rooms, nicolae_overflow_hallway_of_the_gods,
          nicolae_ossuary_entry_giza, serial_aquarium, aquarium_bridge_square
          [aquarium_subvault_window, aquarium_subvault_wall,
          aquarium_subvault_bridge, aquarium_subvault_bridge],
          aquarium_window_1, aquarium_window_fake, aquarium_window_2,
          aquarium_view_2e, aquarium_pool_1, minmay_misc_feat_roman,
          uniq_grinder
D:6:      layout_cave_pools, mainiacjoe_overflow_cross_hatched,
          evilmike_ruin_ashenzari, solitary_fountain
D:7:      layout_loops_corners, minmay_strange_pillars,
          amcnicky_mini_rare_corridor_liquid
D:8:      layout_basic, nicolae_qazlal_beasts_of_the_sky, uniq_joseph,
          uniq_psyche
D:9:      layout_grid_maze, grunt_temple_overflow_order_and_chaos_1,
          special_room [special_room_bee]
D:10:     layout_basic, erik_lair_island
D:11:     layout_roguey, serial_shops, nicolae_shop_bloodbath_and_beyond,
          minivault_26, corexii_leaking_fountain
D:12:     layout_roguey [special_room_orc],
          kennysheep_orc_monster_closet_entryway, trog_butcher_becter,
          uniq_snorg
D:13:     minmay_the_grid_triangle_9x9_rhombus_full_mashed
          [minmay_the_grid_triangle_9x9_odd_lines,
          minmay_the_grid_triangle_9x9_windchime,
          minmay_the_grid_triangle_9x9_longest,
          minmay_the_grid_triangle_9x9_descending_squares,
          minmay_the_grid_triangle_9x9_alien,
          minmay_the_grid_triangle_9x9_stretched_checkered,
          minmay_the_grid_triangle_9x9_limited_checkers,
          minmay_the_grid_triangle_9x9_prize_special], layout_layer_cave,
          david_vaults_3, uniq_kirke
D:14:     layout_gridville, dreamdust_princess_bridge, serial_shops, shop,
          nicolae_shop_rolling_square, nicolae_shop_statue_plus,
          nicolae_shop_hallway_plus, enter_trove_1
D:15:     gammafunk_depths_entry_grave, layout_rooms
Temple:   nicolae_temple_two_arcs
Lair:1:   layout_regular_city, serial_bayou_pond_c
Lair:2:   layout_layer_cave, minmay_swamp_entry_worms, lemuel_fruit_tree,
          grunt_megastairs_2, infiniplex_staircase_pool_2, lemuel_fruit_fields
Lair:3:   layout_regular_city, nicolae_spider_entry_non_spiders,
          grunt_forest_small_clearings, grunt_megastairs_1
Lair:4:   layout_small_grid, nicolae_slime_entry_slimehenge
Lair:5:   minmay_lair_end_frog_pond, layout_misc_corridors,
          minmay_lair_drake_nest
Swamp:1:  layout_basic_swamp, nicolae_swamp_well_well_well
Swamp:2:  layout_basic_swamp, evilmike_swamp_ruin_rubble_2
Swamp:3:  layout_basic_swamp, evilmike_swamp_ruin_house_1, uniq_louise,
          uniq_mlioglotl
Swamp:4:  swamp_vile, layout_basic_swamp, infiniplex_staircase_pool
Orc:1:    layout_caves, uniq_nergalle, uniq_harold
Orc:2:    st_orc_mages, layout_caves, gammafunk_ghost_fury_of_okawaru,
          serial_shops, shop, david_defended_altar_orc, uniq_urug, uniq_rupert

Skill      XL: |  1  2  3  4  5  6  7  8  9 10 11 12 13 14 15 16 17 |
---------------+----------------------------------------------------+-----
Axes           | 3 4 5 6 7 10 12 13 15 16 17 18 19 | 19.1
Fighting       | 4 5 6 7 9 12 14 15 16 17 | 17.8
Shields        | 4 5 6 7 8 10 11 12 | 12.0
Armour         | 4 5 6 7 8 9 10 11 | 11.7
Invocations    | 4 6 9 10 11 12 | 12.8
Throwing       | 2 3 4 6 7 8 9 |  9.3
Dodging        | 1 3 4 5 6 |  6.0
Spellcasting   | 1 2 3 |  3.8
Transmutations | 1 2 3 |  3.8
Evocations     | 3 |  3.0

Action                     |  1- 3 |  4- 6 |  7- 9 | 10-12 | 13-15 | 16-18 || total
---------------------------+-------+-------+-------+-------+-------+-------++-------
  Melee: War axe           |   109 |   175 |    50 |       |       |       ||   334
         Broad axe         |       |       |   195 |   267 |   906 |   455 ||  1823
         Morningstar       |       |       |       |       |    27 |       ||    27
  Throw: Stone             |     1 |       |     2 |       |       |       ||     3
         Dart              |       |       |    27 |       |    20 |       ||    47
         Boomerang         |       |       |       |       |     5 |    12 ||    17
 Invoke: Divine Shield     |       |       |       |       |     7 |     1 ||     8
         Cleansing Flame   |       |       |       |       |     4 |     1 ||     5
         Summon Divine War |       |       |       |       |     2 |     3 ||     5
  Evoke: Wand              |       |       |       |       |     2 |     7 ||     9
    Use: Scroll            |     3 |     2 |    16 |     1 |    16 |     1 ||    39
         Potion            |       |       |       |     1 |     3 |     4 ||     8
 Armour: Scale mail        |    54 |    45 |       |       |       |       ||    99
         Chain mail        |       |    29 |   102 |   136 |   436 |   263 ||   966
  Dodge: Dodged            |    47 |    87 |   110 |   164 |   494 |   195 ||  1097
  Block: Buckler           |    30 |    31 |    42 |    60 |   356 |       ||   519
         Kite shield       |       |       |       |       |    17 |    92 ||   109
         Tower shield      |       |       |       |       |       |   347 ||   347

Table legend: (Time is in decaauts)
 A = Elapsed time spent in this place.
 B = Non-inter-level travel time spent in this place.
 C = Inter-level travel time spent in this place.
 D = Time resting spent in this place.
 E = Time spent auto-exploring this place.
 F = Levels seen in this place.
 G = Mean time per level.
                   A        B        C        D        E       F      G
               +--------+--------+--------+--------+--------+-----+--------+
         Total |  40372 |  37112 |   3260 |  16931 |  14909 |  28 | 1441.9 |
       Dungeon |  21028 |  18938 |   2090 |   7525 |   8469 |  15 | 1401.9 |
        Temple |    117 |    111 |      6 |      0 |    100 |   1 |  117.0 |
          Lair |  10804 |  10012 |    792 |   5013 |   3849 |   5 | 2160.8 |
         Swamp |   5034 |   4769 |    265 |   2740 |   1318 |   4 | 1258.5 |
  Orcish Mines |   2993 |   2887 |    106 |   1484 |   1058 |   2 | 1496.5 |
       Ossuary |    393 |    393 |      0 |    169 |    114 |   1 |  393.0 |
               +--------+--------+--------+--------+--------+-----+--------+

Top non-repeatable levels by time:
  Lair:4: 2923 daAuts
    D:13: 2755 daAuts
    D:14: 2426 daAuts
  Lair:2: 2207 daAuts
  Lair:5: 1945 daAuts
  Lair:1: 1911 daAuts
     D:9: 1866 daAuts
   Orc:2: 1819 daAuts
  Lair:3: 1817 daAuts
 Swamp:3: 1771 daAuts
     D:7: 1648 daAuts
 Swamp:2: 1608 daAuts
     D:4: 1498 daAuts
    D:10: 1480 daAuts
    D:12: 1405 daAuts
